 Dungeon Crawl Stone Soup version 0.30-a0-622-gddc90eaa04 (webtiles) character file.

Game seed: 10648661094935003396

24 lesbiats the Chopper (level 2, -5/25 HPs)
             Began as a Draconian Reaver on Jan 11, 2023.
             Killed by nerve-wracking pain
             ... invoked by Jessica
              (9 damage)
             ... on level 2 of the Dungeon.
             The game lasted 00:02:50 (752 turns).

lesbiats the Chopper (Draconian Reaver)              Turns: 752, Time: 00:02:50

Health: -5/25      AC:  4    Str: 14    XL:     2   Next: 79%
Magic:  5/5        EV: 12    Int: 13    God:
Gold:   60         SH:  0    Dex:  9    Spells: 4/5 levels left

rFire   + . .      SeeInvis .    a - +0 hand axe
rCold   + . .      Faith    .    (no shield)
rNeg    . . .      Spirit   .    (body armour unavailable)
rPois   .          Reflect  .    (helmet restricted)
rElec   .          Harm     .    k - scarf {rC+ rF+}
rCorr   .          Rampage  .    (no gloves)
Will    .....                    (no boots)
Stlth   +                        (no amulet)
HPRegen 0.24/turn                (no ring)
MPRegen 0.09/turn                (no ring)

@: no status effects
A: AC +4, unfitting armour, cold-blooded
a: no special abilities


You were on level 2 of the Dungeon.
You visited 1 branch of the dungeon, and saw 2 of its levels.

You collected 60 gold pieces.

Inventory:

Hand Weapons
 a - a +0 hand axe (weapon)
Missiles
 c - 2 boomerangs of dispersal
Armour
 k - a scarf of resistance (worn)
Scrolls
 b - a scroll of vulnerability {unknown}
 e - a scroll of fear {unknown}
 f - a scroll of immolation {unknown}
 i - a scroll of amnesia {unknown}
Potions
 d - a potion of invisibility {unknown}
 g - a potion of resistance {unknown}
 h - a potion of brilliance {unknown}
 j - 2 potions of degeneration {unknown}


   Skills:
 + Level 2.4 Fighting
 * Level 3.4 Axes
 + Level 2.0 Dodging
 + Level 2.1 Spellcasting
 + Level 3.2 Conjurations


You had 4 spell levels left.
You knew the following spells:

 Your Spells              Type           Power      Damage    Failure   Level
a - Kiss of Death         Conj/Necr      20%        2d7       13%         1

Your spell library contained the following spells:

 Spells                   Type           Power      Damage    Failure   Level
 Momentum Strike          Conj/Tloc      10%        3d8       21%         2
 Hailstorm                Conj/Ice       5%         3d4       36%         3


Dungeon Overview and Level Annotations

Branches:
Dungeon (2/15)

Altars:

Annotations:
D:2 Jessica


Innate Abilities, Weirdness & Mutations

Your plain brown scales are hard. (AC +4)
You cannot fit into any form of body armour.
You are cold-blooded and may be slowed by cold attacks.


Message History

You hit the ball python.
You kill the ball python!
No target in view!
j - 2 bubbling red potions You see here a scarf of resistance.
You see here a scarf of resistance.
k - a scarf of resistance You start putting on your armour.
You continue putting on your scarf of resistance. x4
You finish putting on your scarf of resistance.
You feel resistant to extremes of temperature.
Done exploring.
Done exploring.
There is a stone staircase leading down here.
You climb downwards.
Jessica shouts!
Found 3 boomerangs, a runed mace and a scroll labelled ZYOTWA JOS.
Found a stone staircase leading down.
There is a stone staircase leading up here.
Jessica hits you with a +0 dagger.
You barely miss Jessica. You tail-slap Jessica.
Jessica is moderately wounded.
Jessica hits you with a +0 dagger.
You hit Jessica.
Jessica is moderately wounded.
You hit the ball python.
You kill the ball python!
Jessica gestures at you while chanting.
You barely resist. You hit Jessica.
Your tail-slap misses Jessica.
Jessica is severely wounded.
Jessica casts a spell at you. Pain shoots through your body!
* * * LOW HITPOINT WARNING * * *
You barely miss Jessica.
You tail-slap Jessica, but do no damage.
Jessica is severely wounded.
Jessica casts a spell at you. Pain shoots through your body!
You die...

#.### #.#.
###... #....
##.#.#
#..#.#######
#...@.......
#.><@.(...#
#...........
#...).....##
...........#
.....#.##.####
.?....... .#
.....##.# ..
..... ... ..#


You could see Jessica.

Vanquished Creatures
  A dart slug (D:1)
  4 ball pythons
  An endoplasm (D:1)
  A giant cockroach (D:1)
  3 goblins (D:1)
  3 hobgoblins (D:1)
  A kobold (D:1)
  2 bats (D:1)
  2 frilled lizards (D:1)
  A rat (D:1)
19 creatures vanquished.

Notes
Turn   | Place    | Note
-------+----------+-------------------------------------------
     0 | D:1      | lesbiats the Draconian Reaver began the quest for the Orb.
     0 | D:1      | Reached XP level 1. HP: 17/17 MP: 3/3
   138 | D:1      | Reached XP level 2. HP: 24/25 MP: 5/5
   477 | D:1      | Noticed an eye of devastation
   483 | D:1      | Noticed a golden eye
   513 | D:1      | Found a faded altar of an unknown god.
   515 | D:1      | Noticed a shining eye
   515 | D:1      | Noticed a golden eye
   747 | D:2      | Noticed Jessica
   752 | D:2      | Killed from afar by Jessica

Illustrated notes

Levels and vault maps discovered:
D:1:      saegor_arrival_simple_c, layout_loops_ring,
          hellmonk_ecumenical_altar_watching_god
D:2:      layout_rooms, chequers_serial_rivers_large_b, uniq_sigmund,
          uniq_jessica

Skill      XL: |  1  2 |
---------------+-------+-----
Dodging        | 2 |  2.0
Fighting       | |  2.4
Axes           | |  3.4
Spellcasting   | |  2.1
Conjurations   | |  3.2

Action                   || total
-------------------------++-------
Melee: Hand axe          ||    66
       Tailslap          ||     9
Armor: Skin              ||    24
Dodge: Dodged            ||    35

Table legend: (Time is in decaauts)
 A = Elapsed time spent in this place.
 B = Non-inter-level travel time spent in this place.
 C = Inter-level travel time spent in this place.
 D = Time resting spent in this place.
 E = Time spent auto-exploring this place.
 F = Levels seen in this place.
 G = Mean time per level.
                   A        B        C        D        E       F      G
               +--------+--------+--------+--------+--------+-----+--------+
         Total |    762 |    722 |     40 |     15 |    509 |   2 |  381.0 |
       Dungeon |    762 |    722 |     40 |     15 |    509 |   2 |  381.0 |
               +--------+--------+--------+--------+--------+-----+--------+

Top non-repeatable levels by time:
     D:1: 756 daAuts
     D:2: 5 daAuts
